 Dungeon Crawl Stone Soup version 0.30-a0-42-g806c11bf1d (webtiles) character file.

Game seed: 8293828498076426673

817 Nattfarinn the Reanimator (level 7, 0/32 HPs)
             Began as a Vine Stalker Necromancer on Aug 30, 2022.
             Slain by a black bear (5 damage)
             ... on level 5 of the Dungeon.
             The game lasted 00:09:20 (4523 turns).

Nattfarinn the Reanimator (VSNe)                    Turns: 4523, Time: 00:09:21

Health: 0/32       AC:  2    Str: 11      XL:     7   Next: 94%
Magic:  0/16       EV: 12    Int: 17      God:
Gold:   271        SH:  0    Dex: 11 (14) Spells: 11/16 levels left

rFire   . . .      SeeInvis .    h - +2 dagger (pain)
rCold   . . .      Faith    .    (no shield)
rNeg    . . .      Spirit   +    a - +0 robe
rPois   .          Reflect  .    (no helmet)
rElec   .          Harm     .    (no cloak)
rCorr   .          Rampage  .    (no gloves)
Will    .....                    (no boots)
Stlth   ++........               (no amulet)
HPRegen 0.90/turn                (no ring)
MPRegen 0.15/turn                (no ring)

@: no status effects
A: fangs 2, regeneration 1, magic shield, antimagic bite, no potion heal 2
a: no special abilities


You were on level 5 of the Dungeon.
You visited 1 branch of the dungeon, and saw 5 of its levels.

You collected 271 gold pieces.

Inventory:

Hand Weapons
 h - a +2 dagger of pain (weapon)
Missiles
 m - 27 stones
Armour
 a - a +0 robe (worn)
Wands
 b - a wand of flame (26)
 p - a wand of digging (7)
 t - a wand of quicksilver (9)
Scrolls
 c - a scroll of amnesia {unknown}
 f - 2 scrolls of poison
 i - 3 scrolls of teleportation {unknown}
 j - 2 scrolls of identify {unknown}
 k - a scroll of fear {unknown}
 r - a scroll of vulnerability {unknown}
 s - a scroll of blinking {unknown}
Potions
 d - a potion of lignification {unknown}
 e - a potion of might {unknown}
 g - a potion of curing {unknown}
 l - a potion of haste {unknown}
 n - a potion of resistance {unknown}
 o - a potion of degeneration {unknown}
 q - a potion of flight {unknown}
 v - a potion of brilliance
 w - a potion of berserk rage {unknown}


   Skills:
 - Level 1.5 Dodging
 - Level 2.4 Stealth
 + Level 5.3 Spellcasting
 * Level 8.2 Necromancy


You had 11 spell levels left.
You knew the following spells:

 Your Spells              Type           Power      Damage    Failure   Level
a - Necrotise             Necr           100%       1d9       1%          1
b - Sandblast             Erth           8%         2d5       14%         1
c - Vampiric Draining     Necr           32%        2d8       1%          3

Your spell library contained the following spells:

 Spells                   Type           Power      Damage    Failure   Level
 Animate Dead             Necr           32%        N/A       4%          4
 Agony                    Necr           32%        N/A       13%         5
 Beastly Appendage        Tmut           8%         N/A       14%         1
 Ensorcelled Hibernation  Hex/Ice        8%         N/A       21%         2
 Wereblood                Tmut           4%         N/A       21%         2
 Anguish                  Hex/Necr       9%         N/A       26%         4
 Spider Form              Tmut/Pois      4%         N/A       38%         3


Dungeon Overview and Level Annotations

Branches:
Dungeon (5/15)             Temple (0/1) D:5

Altars:
Qazlal
Uskayaw
The Shining One

Shops:
D:3 *


Innate Abilities, Weirdness & Mutations

You have extremely sharp teeth.
Your natural rate of healing is unusually fast.
When hurt, damage is shared between your health and your magic reserves.
Your bite disrupts and absorbs the magic of your enemies.
Potions cannot restore your health.


Message History

Aiming: Vampiric Draining (safe; 1% risk of failure)
Press: ? - help, Shift-Dir - straight line, f/p - black bear
Aim: a black bear (moderately wounded, ally target)
You draw life force from the black bear.
You feel life coursing into your body. The adder bites your orc skeleton.
Your orc skeleton is destroyed!
The black bear bites you but does no damage.
The black bear claws you.
The black bear claws you but does no damage.
Casting: Vampiric Draining (safe; 1% risk of failure)
Confirm with . or Enter, or press ? or * to list all spells.
Aiming: Vampiric Draining (safe; 1% risk of failure)
Press: ? - help, Shift-Dir - straight line, f/p - black bear
Aim: a black bear (heavily wounded)
You draw life force from the black bear.
You feel life coursing into your body.
The black bear goes berserk!
Casting: Vampiric Draining (safe; 1% risk of failure)
Confirm with . or Enter, or press ? or * to list all spells.
You don't have enough magic to cast this spell.
You barely miss the black bear.
The black bear is severely wounded.
The black bear misses you. The black bear claws you. x2
The black bear bites you!
* * * LOW HITPOINT WARNING * * *
The black bear claws you.
* * * LOW HITPOINT WARNING * * *
The black bear barely misses you.
You barely miss the black bear.
The black bear is severely wounded.
The black bear closely misses you. The black bear misses you.
The black bear claws you.
* * * LOW HITPOINT WARNING * * *
The adder bites you.
* * * LOW HITPOINT WARNING * * *
Okay, then.
Okay, then.
You barely miss the black bear.
The black bear is severely wounded.
The black bear barely misses you. The black bear claws you.
You die...

**,*,,*,,,,,,..#.#s#.#....,,*
,,,,,,*,,,,,,,...###....,,,,*
,*,**,******,,*#......#*,,,,*
,*,,,,**,,##+###..#...##..,******
,,,**,,,,,#.....).........,**,,,,
*,,,,,,,,,#.....o.........,,*,,,,
,,**,,,,,,#...............,,+,,,,
,,,,.,****##.##Sh########.,****,,
***,..######.##.@#*,,,***,,****,,
,,,,.............+,,,,,*,,,,,,,,,
,>,,.............#,,,,,*,,,,,,,,,
,***...###..######********,,***,,
+***,,,*##..##*,,**,,,,***,,*****
,,,*,,,,#..<.#,,,,,,,,,,,*,,,,,,,
,,,*,,,,#....#,,,,,,,,,,,*,,,,,,,
,,,,,,,#..#+##,******,,,**,,*****
*******###,,**,***********,,**,,,


You could see a black bear (berserk), an adder and an orc.

Vanquished Creatures
  Sigmund (D:4)
  Eustachio (D:4)
  A hound (D:4)
  3 iguanas (D:4)
  Terence (D:3)
  Natasha (thrice) (D:4)
  2 orc wizards (D:3)
  7 gnolls
  5 adders
  3 worms
  3 dart slugs
  13 orcs
  6 bats
  7 endoplasms
  6 giant cockroaches
  6 hobgoblins
  4 jackals (D:4)
  8 quokkas
  13 ball pythons
  A frilled lizard (D:1)
  7 goblins
  7 kobolds
  3 rats
111 creatures vanquished.

Vanquished Creatures (collateral kills)
  A gnoll (D:4)
  An adder (D:2)
  A bat (D:1)
  A goblin (D:2)
  A ball python (D:2)
  A frilled lizard (D:1)
  A kobold (D:1)
7 creatures vanquished.

Vanquished Creatures (others)
  A plant (D:3)
1 creature vanquished.

Grand Total: 119 creatures vanquished

Notes
Turn   | Place    | Note
-------+----------+-------------------------------------------
     0 | D:1      | Nattfarinn the Vine Stalker Necromancer began the quest for
                  | the Orb.
     0 | D:1      | Reached XP level 1. HP: 9/9 MP: 4/4
    74 | D:1      | Found a faded altar of an unknown god.
   143 | D:1      | Got Plato's Almanac of the Mountains
   157 | D:1      | Reached XP level 2. HP: 13/13 MP: 1/6
   796 | D:1      | Reached XP level 3. HP: 16/16 MP: 4/7
  1309 | D:2      | Reached skill level 5 in Necromancy
  1309 | D:2      | Gained mutation: Your natural rate of healing is unusually
                  | fast. [Vine Stalker growth]
  1309 | D:2      | Reached XP level 4. HP: 16/21 MP: 3/9
  1612 | D:2      | Reached XP level 5. HP: 19/24 MP: 0/11
  2311 | D:2      | Learned a level 1 spell: Sandblast
  2315 | D:2      | Learned a level 3 spell: Vampiric Draining
  2587 | D:3      | Noticed Terence
  2593 | D:3      | Killed Terence
  2594 | D:3      | Reached skill level 6 in Necromancy
  2681 | D:3      | Found a stormy altar of Qazlal.
  2974 | D:3      | Found a glowing golden altar of the Shining One.
  3040 | D:3      | Found Guluf's Assorted Antiques.
  3131 | D:4      | Reached XP level 6. HP: 16/28 MP: 2/12
  3345 | D:4      | Noticed Natasha
  3390 | D:4      | Killed Natasha
  3397 | D:4      | Noticed Natasha
  3404 | D:4      | Killed Natasha
  3594 | D:4      | Noticed Eustachio
  3865 | D:4      | Noticed Natasha
  3879 | D:4      | Killed Eustachio
  3880 | D:4      | Reached skill level 7 in Necromancy
  3880 | D:4      | Reached XP level 7. HP: 15/32 MP: 9/15
  3881 | D:4      | Killed Natasha
  3988 | D:4      | Noticed Sigmund
  3998 | D:4      | Killed Sigmund
  3999 | D:4      | Reached skill level 5 in Spellcasting
  4182 | D:4      | Reached skill level 8 in Necromancy
  4272 | D:4      | Found a hide-covered altar of Uskayaw.
  4491 | D:5      | Entered Level 5 of the Dungeon
  4523 | D:5      | Slain by a black bear

Illustrated notes

Levels and vault maps discovered:
D:1:      dpeg_arrival_prison, layout_loops_ring,
          shapermc_ecumenical_altar_rom_forum, nrook_loot_triangle,
          chequers_decorated_corner
D:2:      minmay_general_purpose_star, layout_basic, minmay_diced_spiral
D:3:      layout_basic, mainiacjoe_overflow_six_doors_small, tso_altar,
          serial_shops, nicolae_shop_overgrown_old_shop, item_on_display_a,
          uniq_terence
D:4:      layout_loops_ring, nicolae_uskayaw_dance_hall, uniq_eustachio,
          uniq_natasha, uniq_sigmund
D:5:      layout_gridville, minmay_temple_entry_ruins, portal_sewer_entry_b,
          minmay_fractal_squares_5

Skill      XL: |  1  2  3  4  5  6  7 |
---------------+----------------------+-----
Spellcasting   | 3 4 5 |  5.3
Necromancy     | 5 6 7 8 |  8.2
Dodging        | |  1.5
Stealth        | |  2.4

Action                   |  1- 3 |  4- 6 |  7- 9 || total
-------------------------+-------+-------+-------++-------
Melee: Unarmed           |     6 |       |       ||     6
       Bite              |     4 |    30 |     2 ||    36
       Dagger            |     5 |   108 |    11 ||   124
       Punch             |       |     1 |       ||     1
 Cast: Necrotise         |    57 |   102 |    33 ||   192
       Vampiric Draining |       |     3 |     4 ||     7
       Sandblast         |       |     2 |       ||     2
  Use: Scroll            |       |     2 |     1 ||     3
       Potion            |       |     1 |       ||     1
 Stab: Sleeping          |       |     4 |     1 ||     5
Armor: Robe              |     4 |    31 |     2 ||    37
Dodge: Dodged            |    12 |    71 |    20 ||   103

Table legend: (Time is in decaauts)
 A = Elapsed time spent in this place.
 B = Non-inter-level travel time spent in this place.
 C = Inter-level travel time spent in this place.
 D = Time resting spent in this place.
 E = Time spent auto-exploring this place.
 F = Levels seen in this place.
 G = Mean time per level.
                   A        B        C        D        E       F      G
               +--------+--------+--------+--------+--------+-----+--------+
         Total |   4525 |   4295 |    230 |    116 |   3424 |   5 |  905.0 |
       Dungeon |   4525 |   4295 |    230 |    116 |   3424 |   5 |  905.0 |
               +--------+--------+--------+--------+--------+-----+--------+

Top non-repeatable levels by time:
     D:1: 1343 daAuts
     D:4: 1238 daAuts
     D:2: 989 daAuts
     D:3: 922 daAuts
     D:5: 31 daAuts
